[Event "European Women Blitz-ch 2024"]
[Site "Monaco"]
[Date "2025.01.10"]
[Round "3.17"]
[White "Papp, Petra"]
[Black "Kubicka, Anna"]
[Result "0-1"]
[Annotator "TA"]
[ECO "A49"]
[WhiteElo "2235"]
[BlackElo "2230"]
[PlyCount "210"]
[EventDate "2025.01.06"]
[EventType "swiss"]
[EventCountry "MNC"]
[SourceTitle "playchess.com"]
[Source "ChessBase"]
[SourceQuality "1"]
[TimeControl "180+2"]

1. d4 Nf6 2. Nf3 g6 3. g3 Bg7 4. Bg2 O-O 5. O-O d6 6. Re1 c5 7. dxc5 dxc5 8. c3 Nc6 9. Qxd8 Rxd8 10. Be3 c4 11. Na3 Be6 12. Nb5 Nd5 13. Bd4 Nxd4 14. Nfxd4 a6 15. Nxe6 fxe6 16. Na3 b5 17. Nc2 Rac8 18. Rad1 Nb6 19. Nb4 Na4 20. Nc6 Rxd1 21. Rxd1 Rc7 22. Rd2 Kf7 23. f4 Bf6 24. e4 e5 $2 ({Better is} 24... Rxc6 $17 25. e5 Rc7 26. exf6 exf6) 25. fxe5 (25. Nxe5+ Bxe5 26. fxe5 Ke6 $15) (25. Nd8+ $1 $11 Kg8 26. Ne6) 25... Bg5 26. Nd8+ $1 Ke8 27. Rd5 $1 (27. Ne6 $2 Bxd2 28. Nxc7+ Kd8 29. Ne6+ Kd7 $19 (29... Kc8 $2 30. b3 $19)) 27... Rd7 28. Ne6 $1 Bc1 29. Bh3 (29. Ng7+ $11 Kd8 30. Ne6+ Kc8 31. Bh3 Rxd5 (31... Nxb2 $2 32. Nd4 $18) (31... Bxb2 $2 32. Nf8 $18) 32. exd5) 29... Rxd5 $17 30. exd5 Bxb2 31. d6 exd6 (31... Bxc3 $6 32. Nc7+ Kd8 33. Ne6+ Ke8 34. Nc7+ Kd8 35. Ne6+ Ke8 $11) (31... Nxc3 $2 32. Nd4 $18) 32. exd6 Bxc3 (32... Nxc3 $2 33. Nd4 $18) (32... Kd7 {simplifies} 33. Nc5+ Kxd6 34. Nxa4 bxa4 35. Bc8 a5) 33. Nf4 (33. Kf1 $17) 33... Ba5 34. d7+ (34. Kf2) 34... Ke7 $19 35. Nd5+ Kd8 36. Nf4 $2 (36. Kf1) 36... Nc5 (36... c3 $142 37. Ne2 c2) 37. Ne6+ $19 Nxe6 38. Bxe6 c3 39. Bb3 Kxd7 40. Kf2 Bb6+ 41. Kf3 (41. Ke2 $17 {was worth a try.}) 41... Kd6 $19 42. Ke4 {[%emt 0:00:00] [#]} Bg1 $1 43. h3 {[%emt 0:00:00] [#]} Kc5 $1 44. Kd3 $2 (44. a3) 44... Kb4 $19 45. Kc2 Bd4 $2 (45... Bf2 46. g4 h6) 46. g4 $2 (46. a4 {is the only way for White.}) 46... Bf6 $2 (46... Ka3 $19 47. Kb1 Be5) 47. Bg8 $17 h6 48. Bh7 $2 (48. g5 $17 hxg5 (48... Bxg5 $2 49. Bh7 $19) 49. Bf7) 48... g5 $19 49. Bg8 a5 50. Be6 a4 51. Bd7 Ka5 52. Be8 Kb6 53. Bd7 Kc5 (53... Bh8 $142 54. Kd3 Ka5) 54. Be8 $2 (54. Kd3) 54... Bd4 $2 (54... a3 55. Kd3 b4) 55. Bd7 a3 56. Kb3 $2 (56. Kd3 $17) 56... b4 $19 57. Be6 Bf6 58. Kc2 Kd4 59. Bf7 Ke3 60. Bc4 Kf2 61. Bb5 Kg2 62. Be8 Kxh3 63. Bh5 Kh4 (63... Kg3 $142 64. Kb3 Kf3 65. Kc2 Be5 66. Kb3 Ke3 67. Kc2 b3+ 68. Kxb3 Kd2 69. Bg6 h5 70. gxh5 g4 71. Kxa3 g3 (71... c2 $2 72. Bxc2 Kxc2 73. Kb4 $19) 72. Be4 c2 73. Bxc2 g2 (73... Kxc2 $2 74. Kb4 $19) 74. Be4 g1=Q (74... g1=R $2 75. Kb3 $19) 75. Kb4 Qb6+ 76. Kc4 Qe6+ 77. Kb4 Bc7 (77... Qxa2 $2 78. Bg2 $19) 78. Bb7 Kd3 (78... Qxa2 $2 79. Bc6 $19) 79. Be4+ Qxe4+ (79... Kxe4 80. Kc3 Qxa2 81. Kb4 Kd5 82. h6 Qb1+ 83. Ka4 Kc4 84. Ka3 Qb3#) 80. Kb3 Qb7+ 81. Ka4 Kc4 82. h6 Qb4#) 64. Kb3 $19 Kg3 65. Kc2 Kf4 66. Kb3 Be7 67. Kc2 Bd6 68. Kb3 Kf3 69. Kc2 Be7 70. Kb3 Ke2 71. Kc2 Ke3 72. Bf7 Ke4 73. Be8 Kf4 74. Bh5 $1 Ke5 75. Be8 Kd4 76. Bf7 Bd6 77. Bg8 Bf4 78. Bf7 Ke4 79. Bg8 Kf3 80. Be6 Kg3 (80... h5 $142 81. gxh5 g4 82. Bf5 g3 83. Bc8 g2 84. Bb7+ Kg3 85. Bxg2 Kxg2 86. Kb3 Kf3 87. Kc2 Ke3 88. h6 Bxh6 89. Kb3 Kd3 (89... Bf8 90. Kc2 Ke4 91. Kd1 b3 92. axb3 a2 93. Ke2 a1=Q 94. Kf2 c2 95. Kg3 Qg1+ 96. Kh4 c1=Q 97. Kh5 Qh6#) 90. Kxb4 c2 91. Kc5 c1=Q+ (91... c1=B $2 92. Kd5 $19) 92. Kd6 Ke4 93. Ke7 Kd5 94. Kf6 Qc6+ 95. Ke7 Qc8 96. Kf7 Qe6#) 81. Kd3 Be5 82. Bf5 Bg7 (82... b3 $142 83. axb3 a2 84. Kc4 a1=Q (84... a1=B $2 85. Kd3 $19) 85. Kd5 Kf4 (85... Qa5+ $2 86. Ke6 $19) 86. Kc5 Qd1 87. Kb4 c2 88. Bxc2 Qxc2 89. Kb5 Bc7 (89... Qxb3+ 90. Kc5 Ke4 91. Kc6 Qb4 92. Kd7 Kd5 93. Ke8 Ke6 94. Kd8 Qf8#) 90. Kb4 Qc6 (90... Kxg4 91. Kb5 Qc3 92. b4 h5 93. Ka4 Qc4 94. Ka3 Qc2 95. b5 Bd6#) 91. Ka3 Be5 (91... Kxg4 92. Kb2 Be5+ 93. Ka3 Qc5+ 94. b4 Qc2 95. b5 Bd6#) 92. b4 Qc2 93. b5 Bd6#) 83. Be6 Kh4 84. Ke2 Kg3 85. Kd3 Kh3 (85... h5 $142 86. gxh5 g4 87. Kc2 Kf3 88. Bg8 g3 89. Bd5+ Kf2 90. Bh1 g2 91. Bxg2 Kxg2 92. Kb3 Kf3 93. Kc2 Ke4 94. Kb3 Ke5 95. Kc2 Kd4 96. h6 Bxh6 97. Kb3 Be3 98. Kc2 b3+ (98... Kc4 {leads to mate.} 99. Kd1 Kd3 100. Ke1 c2 101. Kf1 c1=Q+ 102. Kg2 Qg1+ 103. Kf3 Kd4 104. Ke2 Qf2+ 105. Kd1 Qd2#) 99. Kxb3 Kd3 100. Kb4 c2 101. Kxa3 c1=Q+ (101... c1=B+ $2 102. Kb4 $19) 102. Kb4 Qb1+ 103. Ka5 Kc4 104. Ka6 Qb6#) 86. Ke2 $19 Kg3 87. Kd3 h5 88. gxh5 Kf3 89. Kc2 g4 90. Bd5+ Kf2 91. Kb3 Bf8 92. h6 Bxh6 93. Be4 g3 94. Kxb4 c2 95. Bxc2 g2 96. Kxa3 g1=Q 97. Kb4 Bf8+ 98. Kb3 Qe1 99. a3 Qe3+ 100. Kc4 Qxa3 101. Bd3 Qc5+ 102. Kb3 Qb4+ 103. Kc2 Bg7 104. Bf5 Qc3+ 105. Kd1 Bh6 0-1

[Event "European Women Blitz-ch 2024"]
[Site "Monaco"]
[Date "2025.01.10"]
[Round "3.18"]
[White "Charkhalashvili, Inga"]
[Black "Doluhanova, Evgeniya"]
[Result "1-0"]
[Annotator "TA"]
[ECO "E50"]
[WhiteElo "2240"]
[BlackElo "2273"]
[PlyCount "79"]
[EventDate "2025.01.06"]
[EventType "swiss"]
[EventCountry "MNC"]
[SourceTitle "playchess.com"]
[Source "ChessBase"]
[SourceQuality "1"]
[TimeControl "180+2"]

1. d4 Nf6 2. c4 e6 3. Nc3 Bb4 4. e3 O-O 5. Nf3 Re8 6. Bd3 d6 7. O-O Nc6 8. Qc2 ({White should play} 8. Na4 $14) 8... e5 (8... Bxc3 $1 $11 9. bxc3 (9. Qxc3 e5 $11) 9... e5) 9. Nd5 $16 exd4 (9... Ba5 $16) 10. exd4 $18 (10. Nxd4 $6 Nxd4 11. Nxf6+ (11. exd4 Nxd5 12. cxd5 Bg4 $14) 11... Qxf6 $14) 10... Bg4 11. Be3 $2 (11. Bg5 $18) 11... Bxf3 $14 12. gxf3 Ba5 13. Kh1 (13. Bg5 $14) 13... Nxd5 $1 $15 14. cxd5 Nb4 15. Bxh7+ Kh8 16. Qf5 Qh4 {[%emt 0:00:07] Prevents Qh5.} 17. a3 $1 Qxh7 (17... g6 {with more complications.} 18. Bg5 gxf5 19. Bxh4 Kxh7 20. axb4 Bb6) 18. Qxh7+ Kxh7 19. axb4 Bxb4 (19... Bb6 $1 $15) 20. Rfc1 $36 {[%emt 0:00:09][%mdl 2048] White has some pressure.} Re7 $2 {[%emt 0:00:05][%mdl 8192] [#]} (20... Rec8 $1 $11 {and Black stays safe.}) 21. Rc4 $1 $18 Rxe3 22. fxe3 {[%emt 0:00:01][%mdl 4096] Endgame KRR-KRB} Bd2 23. Rxc7 Bxe3 24. Rd1 b5 (24... Kg6 {was worth a try.} 25. Rxb7 Rc8 26. Rxa7 Rc2) 25. Re7 Bf4 26. Rxf7 Bh6 27. Rb7 a6 28. Rb6 Bf4 29. Kg2 Re8 30. Rxa6 Re2+ 31. Kh3 (31. Kf1 $18 {has better winning chances.} Rxb2 32. Re1) 31... Rxb2 $2 (31... g5 $16 {is a better chance.} 32. Rh1 Rxb2) 32. Kg4 Bh6 33. h4 Rg2+ 34. Kh3 Rf2 (34... Rg6 $142 35. h5 Rg5 36. Rxd6 Rxh5+ 37. Kg3 b4) 35. Kg3 Rb2 36. Rxd6 b4 37. Rb6 {[%emt 0:00:02] White wants to mate with d6.} b3 38. Rd3 {[%emt 0:00:01][%cal Od5d6] d6! would now be deadly.} Rb1 39. Rdxb3 Rg1+ 40. Kf2 1-0

[Event "European Women Blitz-ch 2024"]
[Site "Monaco"]
[Date "2025.01.10"]
[Round "4.1"]
[White "Roebers, Eline"]
[Black "Khademalsharieh, Sarasadat"]
[Result "0-1"]
[Annotator "TA"]
[ECO "C26"]
[WhiteElo "2381"]
[BlackElo "2458"]
[PlyCount "40"]
[EventDate "2025.01.06"]
[EventType "swiss"]
[EventCountry "MNC"]
[SourceTitle "playchess.com"]
[Source "ChessBase"]
[SourceQuality "1"]
[TimeControl "180+2"]

1. e4 e5 2. Nc3 Nf6 3. d4 exd4 4. Qxd4 Nc6 5. Qd3 Bc5 $1 6. Bf4 d6 7. O-O-O ({White should play} 7. Qd2 $11) 7... Be6 (7... Bxf2 $15 8. h3 O-O) 8. Kb1 (8. Be3 $11 {keeps the balance.}) 8... Qd7 {[%emt 0:00:13] Black is more active.} (8... Bxf2 $17 9. Nf3 O-O) 9. f3 $11 O-O-O 10. Nge2 d5 11. Qb5 {[%emt 0:00:05] Wards off Nb4} (11. e5 Nh5 12. Qb5 Nxf4 13. Qxc5 Nxe2 14. Bxe2 Qe7 15. Qxe7 Nxe7 16. f4) 11... Qe7 $1 12. exd5 $1 Nxd5 13. Nxd5 Bxd5 (13... Rxd5 {simplifies} 14. Rxd5 Bxd5 15. Bc1 a6) 14. Nc3 Be6 {[%emt 0:00:01] ...Rxd1+ would now be deadly.} 15. Bd3 $2 (15. Bc4 $11 {and White is okay.}) 15... a6 $19 16. Qa4 Rd4 17. Qxd4 Bxd4 18. Ne4 Qb4 19. c3 {[%emt 0:00:04] [#]} Bxc3 $1 20. Nxc3 Qxf4 0-1

[Event "European Women Blitz-ch 2024"]
[Site "Monaco"]
[Date "2025.01.10"]
[Round "4.2"]
[White "Paehtz, Elisabeth"]
[Black "Zhukova, Natalia"]
[Result "1-0"]
[Annotator "RC"]
[ECO "D02"]
[WhiteElo "2428"]
[BlackElo "2306"]
[PlyCount "134"]
[EventDate "2025.01.06"]
[EventType "swiss"]
[EventCountry "MNC"]
[SourceTitle "playchess.com"]
[Source "ChessBase"]
[SourceQuality "1"]
[TimeControl "180+2"]

1. d4 Nf6 2. Nf3 d5 3. c3 e6 4. Bf4 Bd6 5. e3 c5 6. Nbd2 Nc6 7. Bg3 O-O 8. Bd3 Qe7 9. Ne5 Bxe5 10. dxe5 Nd7 11. Nf3 f6 12. exf6 gxf6 13. e4 c4 14. Bc2 Nc5 15. Qe2 Rd8 16. exd5 exd5 17. Qxe7 Nxe7 18. Nd4 Nc6 19. O-O-O Ne5 20. Kb1 Ned3 21. b4 Ne4 22. Bxd3 Nxc3+ 23. Kc2 Nxd1 24. Be2 Nxf2 25. Bxf2 Bd7 26. Bf3 Ba4+ 27. Kc3 Kf7 28. Re1 a6 29. Bh5+ Kg8 30. Re7 Bc6 31. Nf5 Rd7 32. Bc5 Rxe7 33. Nxe7+ Kg7 34. Nf5+ Kg8 35. Kd4 a5 36. b5 Bxb5 37. Ne7+ Kg7 38. Nxd5 Rd8 39. Bf3 Bc6 40. Bb6 Re8 41. Kxc4 Re1 42. Bxa5 Ra1 43. Kb3 Kf7 44. Bc3 Rh1 45. h3 f5 46. Bh5+ Ke6 47. Nf4+ Ke7 48. Be2 Rb1+ 49. Bb2 Re1 50. Bd3 Be4 51. Bc4 Kd6 52. Bc3 Rb1+ 53. Bb2 Re1 54. a4 Re3+ 55. Kb4 Re1 56. Bd4 Rd1 57. Bc3 b6 58. Kb3 Rb1+ 59. Ka2 Rc1 60. Kb2 Rb1+ 61. Ka2 Rc1 62. Kb3 Rb1+ 63. Bb2 Re1 64. Ba3+ Ke5 65. Nd3+ Bxd3 66. Bxd3 f4 67. Bb2+ Kd5 1-0

[Event "European Women Blitz-ch 2024"]
[Site "Monaco"]
[Date "2025.01.10"]
[Round "4.3"]
[White "Kulon, Klaudia"]
[Black "Ushenina, Anna"]
[Result "1/2-1/2"]
[Annotator "TA"]
[ECO "A13"]
[WhiteElo "2393"]
[BlackElo "2418"]
[PlyCount "157"]
[EventDate "2025.01.06"]
[EventType "swiss"]
[EventCountry "MNC"]
[SourceTitle "playchess.com"]
[Source "ChessBase"]
[SourceQuality "1"]
[TimeControl "180+2"]

1. c4 e6 2. g3 d5 3. Bg2 d4 4. Nf3 Nc6 5. O-O Nh6 6. e3 Nf5 7. e4 Nfe7 8. d3 Ng6 9. Ne1 h5 10. f4 h4 11. g4 h3 12. Bf3 f6 13. Bd2 a5 14. Bh1 Bd6 15. Qe2 Qe7 16. Nc2 Bd7 17. Nba3 e5 18. f5 Nf4 19. Bxf4 exf4 20. Nb5 Be5 21. b3 Nb4 22. a3 Nxc2 23. Qxc2 c6 24. a4 cxb5 25. axb5 Kf7 26. Bf3 g5 27. Rfb1 b6 28. Qd1 Rac8 29. Ra4 Bd6 30. Qe2 Bb4 31. Qd1 Rc7 32. Ra2 Rc5 33. Qe2 Qe5 34. Rd1 Qc7 35. Rb1 Rc8 36. Qf1 Rh8 37. Rd1 Bxb5 38. cxb5 Rc3 39. e5 Qxe5 40. Bc6 f3 41. Qxf3 Qf4 42. Re2 Bd6 $2 (42... Rxb3 $2 43. Bd5+ Kf8 44. Qxf4 $18) (42... Qxf3 $19) 43. Qxf4 $11 Bxf4 44. Bd5+ Kf8 45. Bc4 $2 (45. Re6 $11) 45... Be5 (45... Rh4 46. Kh1 $19) 46. Rde1 Ke7 $2 (46... Rh4 $19 47. Re4 Rc2) 47. Rxe5+ $15 fxe5 48. Rxe5+ Kd6 (48... Kd7 $1 $15 49. f6 Rf8) 49. Rd5+ $2 (49. Re6+ $1 $11 Kc5 50. f6 Rc1+ 51. Kf2) 49... Kc7 $1 $19 50. f6 $2 (50. Rxd4 Rc1+ 51. Kf2) 50... Rf8 $2 (50... Re8 $19 {( -> ...Re2)} 51. Kf1 Rc1+ (51... Re3 $2 52. Rxd4 Rc2 53. Bd5 $19) 52. Kf2 Rc2+ 53. Kf1 Ree2 (53... Rxh2 54. f7 $11)) 51. Rf5 $15 Rc2 52. f7 Kd6 53. Rxg5 Ke7 54. Re5+ Kf6 55. Rf5+ Kg6 56. Rf2 Rc1+ 57. Rf1 Rc2 58. Rf4 Rg2+ 59. Kh1 Re2 60. Kg1 Rg2+ 61. Kh1 Re2 62. Kg1 Rg2+ 63. Kf1 (63. Kh1 $11 {keeps the balance.}) 63... Rxh2 $17 64. Kg1 Re2 65. Rxd4 $2 (65. Rf3 $17) 65... h2+ $19 66. Kh1 {[%emt 0:00:02] [#]} Rh8 $1 67. Re4 Rf2 68. Re6+ Kg5 $2 (68... Kxf7 $2 69. Re2+ (69. Rxb6+ $2 Kg7 $19) 69... Kf6 70. Rxf2+ $18) ({Better is} 68... Kg7 $19 {( -> ...Rf1+)} 69. Re1 Rh3) 69. Re1 $2 {[%emt 0:00:00][%mdl 8192] [#]} (69. Re5+ $1 $11 {and White stays safe.} Kxg4 70. d4) 69... Kxg4 $2 (69... Kf6 $1 $19 70. g5+ Kg7 (70... Kxg5 71. d4 $15)) 70. Bd5 $2 (70. d4 $1 $11 Rd2 71. Rf1) 70... Kg3 $2 (70... Rf4 $19 {and ...Kg5 would now be decisive} 71. Bc4 Kg5) 71. Bc6 $2 (71. Re3+ $15 Kg4 72. Be6+ Kg5 73. Rg3+ Kf6 74. Rh3 Kxe6 (74... Rf1+ 75. Kxh2 Kxe6 76. Rxh8 $17) 75. Rxh8 Rxf7 76. Rb8) 71... Rf8 $2 (71... Rxf7 72. Bg2 Rf4) 72. Bd5 Rd2 $2 (72... R2xf7 $19 73. Bxf7 Rxf7) 73. Re3+ $11 Kg4 74. Re8 Kg3 75. Re3+ Kg4 76. Re4+ Kg3 77. Re3+ Kg4 78. Re4+ Kg3 79. Re3+ 1/2-1/2

[Event "European Women Blitz-ch 2024"]
[Site "Monaco"]
[Date "2025.01.10"]
[Round "4.4"]
[White "Kazarian, Anna-Maja"]
[Black "Maltsevskaya, Aleksandra"]
[Result "1-0"]
[Annotator "TA"]
[ECO "B45"]
[WhiteElo "2206"]
[BlackElo "2368"]
[PlyCount "73"]
[EventDate "2025.01.06"]
[EventType "swiss"]
[EventCountry "MNC"]
[SourceTitle "playchess.com"]
[Source "ChessBase"]
[SourceQuality "1"]
[TimeControl "180+2"]

1. e4 c5 2. Nf3 e6 3. d4 cxd4 4. Nxd4 Nf6 5. Nc3 Nc6 6. Nxc6 bxc6 7. e5 Nd5 8. Ne4 Qc7 9. f4 Qb6 10. a3 {[%emt 0:00:01] Prevents Qb4+.} Ba6 (10... Be7 $11) 11. c4 $14 Ne3 12. Qd3 {[%emt 0:00:05] White is slightly better.} (12. c5 $5 Bxc5 13. Bxe3 Bxe3 14. Bxa6 $14) 12... Nxf1 (12... Nxc4 13. Qc3 d5 14. exd6 Nxd6 15. Nxd6+ Bxd6 16. Be3 $16) 13. Rxf1 Be7 (13... Qa5+ $11 14. Ke2 f5 15. Nd6+ (15. exf6 d5 $15) 15... Bxd6 16. exd6 c5) 14. b4 O-O 15. Be3 $2 (15. Qxd7 $2 Bh4+ 16. g3 Rfd8 $19) (15. Bb2 $14 {stays ahead.}) 15... Qc7 $2 {[%emt 0:00:00][%mdl 8192] Black is weak on the dark squares} (15... Bxc4 $1 $17 {and life is bright.} 16. Qc3 Qb5) 16. Rf3 {[%emt 0:00:07] White has more active pieces.} (16. Bc5 $142 Qd8 (16... Bxc5 $2 17. Nxc5 Bc8 18. Qd6 $18) 17. Bxe7 Qxe7 18. Kf2) 16... f5 $16 17. Nd6 c5 18. Bxc5 $18 Qc6 19. Rg3 (19. O-O-O $18) 19... Bxd6 20. exd6 {[%emt 0:00:46] aiming for Bd4.} ({Much less strong is} 20. Qxd6 $6 Qe4+ 21. Be3 Qxc4 $14 (21... Bxc4 22. Qxd7 Rf7 23. Qd4 $14)) 20... Qe4+ (20... Bb7 $16 {was worth a try.} 21. Qd4 Qe4+ 22. Qxe4 fxe4) 21. Qxe4 fxe4 22. b5 Bb7 23. Bd4 $40 {[%emt 0:00:04][%mdl 128] Black is in trouble.} g6 24. Be3 a6 25. a4 axb5 (25... Rfc8 $16) 26. cxb5 Rfc8 27. a5 Bd5 28. b6 Bb7 29. Bd4 Rc4 30. Be5 {[%emt 0:00:07][%cal Oa5a6] [#] Threatens to win with a6!} Rc5 $2 (30... Ba6 31. Rb3 Rb8) 31. Rc3 Rxc3 32. Bxc3 {[%emt 0:00:02] KRB-KRB} Rc8 $2 (32... Ba6 33. Be5 Kf7) 33. a6 {[%emt 0:00:04] White is clearly winning.} Bxa6 34. Rxa6 {[%emt 0:00:01] [#] White threatens b7 and mate.} Kf7 35. b7 Rb8 36. Ra7 e5 37. Ba5 {[%emt 0:00:02] Weighted Error Value: White=0.42/Black=0.52.  Mistake:       	White=3     	Black=8      Inaccurate:     	White=2     	Black=1      OK:         	White=7     	Black=9      Best:        	White=4     	---} 1-0

[Event "European Women Blitz-ch 2024"]
[Site "Monaco"]
[Date "2025.01.10"]
[Round "4.5"]
[White "Socko, Monika"]
[Black "Stefanova, Antoaneta"]
[Result "1/2-1/2"]
[Annotator "TA"]
[ECO "D78"]
[WhiteElo "2371"]
[BlackElo "2418"]
[PlyCount "39"]
[EventDate "2025.01.06"]
[EventType "swiss"]
[EventCountry "MNC"]
[SourceTitle "playchess.com"]
[Source "ChessBase"]
[SourceQuality "1"]
[TimeControl "180+2"]

1. d4 d5 2. Nf3 Nf6 3. g3 g6 4. Bg2 Bg7 5. O-O O-O 6. c4 c6 7. b3 a5 8. Nc3 Bf5 9. Bb2 Ne4 10. Nh4 {[%emt 0:00:09] The position is equal.} Nxc3 11. Bxc3 Be6 12. Qd3 a4 13. Rfd1 axb3 14. axb3 Rxa1 15. Rxa1 Qb6 16. c5 Qxb3 17. Rb1 Qa3 18. Ra1 Qb3 19. Rb1 Qa3 20. Ra1 {[%emt 0:00:00] An uneventful encounter.   Weighted Error Value: White=0.05 (flawless) /Black=0.03 (flawless) .  OK:         	White=4     	Black=4      Best:        	---       	Black=1} 1/2-1/2

[Event "European Women Blitz-ch 2024"]
[Site "Monaco"]
[Date "2025.01.10"]
[Round "4.6"]
[White "Matnadze Bujiashvili, Ann"]
[Black "Charkhalashvili, Inga"]
[Result "1-0"]
[Annotator "TA"]
[ECO "E07"]
[WhiteElo "2315"]
[BlackElo "2240"]
[PlyCount "59"]
[EventDate "2025.01.06"]
[EventType "swiss"]
[EventCountry "MNC"]
[SourceTitle "playchess.com"]
[Source "ChessBase"]
[SourceQuality "1"]
[TimeControl "180+2"]

1. d4 Nf6 2. Nf3 e6 3. c4 d5 4. g3 c6 5. Bg2 Be7 6. O-O O-O 7. Nc3 Nbd7 8. Qb3 b6 9. Nd2 ({White should play} 9. cxd5 $14 exd5 10. Rd1) 9... Ba6 10. Rd1 Qc8 11. e4 dxc4 12. Nxc4 Rd8 (12... b5 $14 13. Ne3 b4) 13. Bf4 $16 Bxc4 14. Qxc4 b5 15. Qe2 {[%emt 0:00:12] White is more active.} Nb6 (15... b4 $142) 16. Rac1 Qa6 {[%emt 0:00:06] [#]} (16... b4 $16) 17. b3 $2 (17. d5 $1 $18) 17... Rac8 {[%emt 0:00:08] [#]} (17... Qa5 $16 {is a better defense.}) 18. a4 $1 $18 Qa5 (18... Ba3 19. Ra1) 19. axb5 cxb5 20. Qxb5 Bb4 21. Qxa5 Bxa5 22. Nb5 a6 $2 (22... Rxc1 {is tougher.} 23. Rxc1 Nc8) 23. Na7 Rxc1 24. Rxc1 e5 25. Nc6 exf4 26. Nxd8 Bb4 27. gxf4 Kf8 28. Nc6 Bd2 29. Ra1 Bxf4 30. Rxa6 1-0

[Event "European Women Blitz-ch 2024"]
[Site "Monaco"]
[Date "2025.01.10"]
[Round "4.7"]
[White "Atalik, Ekaterina"]
[Black "Arabidze, Meri"]
[Result "0-1"]
[Annotator "TA"]
[ECO "D25"]
[WhiteElo "2395"]
[BlackElo "2457"]
[PlyCount "90"]
[EventDate "2025.01.06"]
[EventType "swiss"]
[EventCountry "MNC"]
[SourceTitle "playchess.com"]
[Source "ChessBase"]
[SourceQuality "1"]
[TimeControl "180+2"]

1. d4 d5 2. c4 dxc4 3. Nf3 Nf6 4. e3 Be6 5. Qc2 a6 6. Bxc4 Bxc4 7. Qxc4 e6 8. O-O Nbd7 9. Nc3 c5 10. dxc5 Bxc5 11. b4 b5 12. Qb3 Be7 13. a4 bxa4 14. Rxa4 O-O 15. Nd4 Qb6 {[%emt 0:00:09] Inhibits Nc6.} 16. b5 $2 (16. Ba3 $11) 16... Nc5 $1 $19 17. Qa2 (17. Qc4 {was worth a try.} Nxa4 18. Nxa4) 17... Nxa4 18. Qxa4 axb5 19. Qxb5 Qxb5 20. Ncxb5 Rfc8 21. f3 Ra1 22. Bd2 Rxf1+ 23. Kxf1 h6 24. Ke2 Kf8 25. Na7 Ra8 26. Nac6 Bc5 27. Nb3 Bd6 28. e4 Bxh2 29. Bc3 Bc7 30. g4 Ke8 31. Kd3 Bf4 32. Bd4 Rc8 33. Na7 Rb8 34. Nc5 e5 35. Bc3 Rd8+ 36. Ke2 Nd7 37. Nb7 Ra8 38. Nb5 {[%emt 0:00:00] Strongly threatening Nc7+.} Ra2+ 39. Kf1 f6 40. N7d6+ Kf8 41. Nf5 Kg8 42. Nbd6 Nc5 43. Ne8 g6 44. Nfd6 Bg5 45. Nc7 Nd3 0-1

[Event "European Women Blitz-ch 2024"]
[Site "Monaco"]
[Date "2025.01.10"]
[Round "4.8"]
[White "Wagner, Dinara"]
[Black "Toncheva, Nadya"]
[Result "1-0"]
[Annotator "TA"]
[ECO "D12"]
[WhiteElo "2437"]
[BlackElo "2313"]
[PlyCount "75"]
[EventDate "2025.01.06"]
[EventType "swiss"]
[EventCountry "MNC"]
[SourceTitle "playchess.com"]
[Source "ChessBase"]
[SourceQuality "1"]
[TimeControl "180+2"]

1. d4 d5 2. c4 c6 3. Nf3 Nf6 4. e3 Bf5 5. Nc3 e6 6. Nh4 Be4 7. f3 Bg6 8. Bd2 Be7 9. Qb3 Qc7 10. Nxg6 hxg6 11. cxd5 Nxd5 12. O-O-O Nd7 13. Kb1 Nxc3+ 14. Bxc3 a5 15. a4 Nf6 16. e4 Rd8 (16... O-O $1 $11) 17. Be2 O-O 18. h4 c5 (18... Nh5 $11 {remains equal.}) 19. dxc5 {[%emt 0:00:22] White is more active.} ({White should try} 19. g4 $16) 19... Bxc5 $14 20. g4 b6 21. h5 Rxd1+ 22. Qxd1 Rd8 {[%emt 0:00:00] [#]} (22... gxh5 $1 $14 23. gxh5 Rd8) 23. Qc1 $1 $16 {[%emt 0:00:04] Strongly threatening hxg6.} Bb4 $2 (23... gxh5 $2 24. Bxf6 gxf6 25. Rxh5 $18) (23... Nh7 $16 {was called for.}) 24. hxg6 $2 (24. Bxb4 $18 Qxc1+ 25. Rxc1 axb4 26. hxg6 fxg6 27. Bc4) 24... fxg6 $2 (24... Bxc3 $14 25. gxf7+ (25. bxc3 fxg6 26. Rd1 Rxd1 $11) (25. Qxc3 Qxc3 26. bxc3 fxg6 $11) 25... Kxf7 26. bxc3 (26. Qxc3 Qxc3 27. bxc3 Nd7 $11) 26... Nd7) 25. Bxb4 $18 {[%emt 0:00:19] This pair of bishops is nice.} Qxc1+ 26. Rxc1 axb4 {[%emt 0:00:02][%cal Ba5b4,Bb4b3][%mdl 4128] Endgame KRB-KRN} 27. Rc6 b3 28. Kc1 {[%emt 0:00:16] Inhibits Rd2.} ({Don't play} 28. Rxb6 Rd2 29. Rxb3 (29. Rb8+ Kh7 $16) 29... Rxe2 $18) 28... Rd4 29. Bb5 ({Not} 29. Rxb6 Rxa4 30. Rxb3 Nd7 $18) (29. Bc4 Kf8 30. Bb5 (30. Bxb3 Nd7 $18) (30. Bxe6 Rxa4 31. Rxb6 Ra7 $18) 30... Nh7 $16) 29... Nd7 30. Rc8+ Nf8 31. Rc3 (31. Rb8 $142) 31... e5 $2 (31... Nh7 32. Rxb3 Ng5) 32. Rxb3 Ne6 33. Rc3 Nc5 $2 {[%emt 0:00:02] [#]} (33... Kh7 34. Bc4 Ng5) 34. a5 $1 Rb4 35. Be2 Kf8 36. a6 Ra4 37. b3 Ra5 38. b4 1-0